 Dungeon Crawl Stone Soup version 0.28.0-53-g5a82cb258f (webtiles) character file.

Game seed: 16171366457767395168

387216 quokkamancerX the Spry (level 23, -7/195 HPs)
             Began as a Merfolk Berserker on May 23, 2022.
             Was a Priest of Trog.
             Killed by divine providence
             ... invoked by a deep elf high priest
              (15 damage)
             ... on level 5 of the Vaults on May 26, 2022.
             The game lasted 06:19:33 (99277 turns).

quokkamancerX the Spry (Merfolk Berserker)         Turns: 99277, Time: 06:19:34

Health: -7/195     AC: 46    Str: 22    XL:     23   Next: 2%
Magic:  23/23      EV: 19    Int: 10    God:    Trog [***...]
Gold:   1411       SH: 29    Dex: 24    Spells: 22/22 levels left

rFire   + + +      SeeInvis +   A - +9 trident (vorpal)
rCold   + . .      Faith    .   P - +5 tower shield
rNeg    . . .      Spirit   .   p - +15 Maxwell's patent armour {-Cast -Tele rElec Will+ rCorr}
rPois   .          Reflect  .   S - +2 helmet {SInv}
rElec   +          Harm     .   f - +2 cloak "Etruc" {Str+2}
rCorr   +          Rampage  .   s - +2 pair of gloves {Dex+3}
Will    ++...      NoTele   +   F - +2 pair of boots
Stlth   +......... NoCast   +   Q - amulet of Coutecol {RegenMP rF++ Str-2 Dex+7}
HPRegen 1.00/turn               e - ring of protection from cold
MPRegen 0.58/turn               d - ring of protection from fire

@: weak-willed, strong-willed (expiring), regenerating (expiring)
A: (nimble swimmer 2), mertail, inhibited regeneration, weak 1, MP-powered wands
}: 2/15 runes: decaying, gossamer
a: Renounce Religion, Berserk, Trog's Hand


You were on level 5 of the Vaults.
You worshipped Trog.
Trog was most pleased with you.
You visited 7 branches of the dungeon, and saw 39 of its levels.
You also visited: Trove, Sewer, Gauntlet and Wizlab.

You collected 4094 gold pieces.
You spent 2683 gold pieces at shops.

Inventory:

Hand Weapons
 A - a +9 vorpal trident (weapon)
Missiles
 h - 5 silver boomerangs
 n - 34 poisoned darts
 r - 4 curare-tipped darts (quivered)
 H - 3 atropa-tipped darts
 M - 6 datura-tipped darts
 V - 3 silver javelins
Armour
 f - the +2 cloak "Etruc" (worn) {Str+2}
   (You bought it in a shop on level 2 of the Orcish Mines)

   Str:       It affects your strength (+2).
 p - the +15 Maxwell's patent armour (worn) {-Cast -Tele rElec Will+ rCorr}
   (You found it in a wizard's laboratory)

   rElec:     It insulates you from electricity.
   -Cast:     It prevents spellcasting.
   -Tele:     It prevents most forms of teleportation.
   rCorr:     It protects you from acid and corrosion.
   Will:      It increases your willpower.
 s - a +2 pair of gloves of dexterity (worn)
 F - a +2 pair of boots (worn)
 P - a +5 tower shield (worn)
 S - a +2 helmet of see invisible (worn)
Jewellery
 c - a +4 ring of slaying
 d - a ring of protection from fire (right hand)
 e - a ring of protection from cold (left hand)
 B - a ring of flight
 O - a ring of willpower
 Q - the amulet of Coutecol (around neck) {RegenMP rF++ Str-2 Dex+7}
   (You bought it in a shop on level 1 of the Elven Halls)

   [amulet of magic regeneration]

   It increases your rate of magic regeneration.
   Str:       It affects your strength (-2).
   Dex:       It affects your dexterity (+7).
   rF:        It greatly protects you from fire.
 Z - the amulet of Hokkacea {Faith rElec rPois rCorr}
   (You bought it in a shop on level 2 of the Orcish Mines)

   [amulet of faith]

   It allows you to gain divine favour quickly.
   rElec:     It insulates you from electricity.
   rPois:     It protects you from poison.
   rCorr:     It protects you from acid and corrosion.
Wands
 g - a wand of charming (8)
 j - a wand of mindburst (7)
 t - a wand of polymorph (24)
 G - a wand of acid (8)
 I - a wand of iceblast (47)
 J - a wand of digging (7)
 L - a wand of paralysis (29)
Scrolls
 i - 2 scrolls of magic mapping
 m - 4 scrolls of fear
 o - 7 scrolls of vulnerability
 q - 2 scrolls of holy word
 w - 4 scrolls of enchant weapon
 x - 5 scrolls of blinking
 N - 16 scrolls of teleportation
 R - 4 scrolls of fog
Potions
 a - a potion of heal wounds
 b - 4 potions of lignification
 k - 2 potions of cancellation
 l - 3 potions of mutation
 v - 8 potions of curing
 z - 11 potions of ambrosia
 C - a potion of haste
 D - 8 potions of attraction
 T - a potion of resistance
Miscellaneous
 X - a phantom mirror


   Skills:
 + Level 19.6 Fighting
 - Level 20.0 Polearms
 - Level 12.0 Throwing
 - Level 15.0 Armour
 + Level 20.8 Dodging
 - Level 10.0 Stealth
 - Level 20.0 Shields


You had 22 spell levels left.
You didn't know any spells.
Your spell library was empty.

Dungeon Overview and Level Annotations

Branches:
Dungeon (15/15)            Temple (0/1) D:6            Lair (6/6) D:11
  Swamp (4/4) Lair:4       Spider (4/4) Lair:3        Slime (0/5) Lair:5
    Orc (2/2) D:11            Elf (3/3) Orc:2        Vaults (5/5) D:14
  Crypt (0/3) Vaults:2     Depths (0/4) D:15          Sewer (visited)
 WizLab (visited)         Gauntlet (visited)

Altars:
Dithmenos
Gozag
Kikubaaqudgha
Makhleb
Okawaru
Trog
Vehumet
The Shining One

Shops:
D:13 =   Orc:2 *[=**   Elf:1 ==:   Vaults:2 *   Vaults:3 *


Innate Abilities, Weirdness & Mutations

((You are very nimble when in or above water. (Stealth+, EV+, Speed+++)))
Your lower body shifts to a powerful aquatic tail in water.
You do not regenerate when monsters are visible.
You are weak. (Str -2)
You expend magic power (3 MP) to strengthen your wands.


Message History

The bolt of fire hits you. You resist.
* * * LOW HITPOINT WARNING * * *
An iron dragon comes into view.
The brown very ugly thing basks in the mutagenic energy from its kin and changes!
The yaktaur captain shoots a bolt.
You block the bolt.
You open the door.
A vault warden, a deep elf high priest, a yaktaur captain and 2 yaktaurs come into view.
The vault warden is wielding a +2 vorpal dire flail.
The yaktaur captain is wielding a staff of air.
The vault warden shouts!
The deep elf high priest shouts!
The yaktaur captain shouts!
The yaktaur shouts! x2
The yaktaur captain wields a +0 arbalest.
The yaktaur captain shoots a bolt.
You block the bolt.
A yaktaur comes into view. It is wielding a +0 club.
The deep elf high priest prays.
The yaktaur wields a +0 arbalest.
The yaktaur shoots a bolt.
The bolt closely misses you.
The bolt hits the fire giant!!
The yaktaur shouts!
Found a scroll of torment, a book of Alchemy and a runed ring mail.
A fire giant comes into view.
It is wielding a +0 great sword of flaming.
Found a glowing arbalest, 16 bolts and a runed hunting sling.
The fire giant shouts!
The yaktaur captain shoots a bolt.
You block the bolt.
The yaktaur unwields a +0 club.
The yaktaur wields a +0 vorpal arbalest.
The yaktaur shoots a bolt.
The bolt misses you.
The vault warden activates a sealing rune.
The doors slam shut!
You are pushed out of the doorway!
The deep elf high priest mumbles some strange prayers.
The deep elf high priest calls down the wrath of its god upon you.
Something smites you!
* * * LOW HITPOINT WARNING * * *
The fire giant moves out of view.
Found a glowing leather armour.
You feel the effects of Trog's Hand fading.
The yaktaur shoots a bolt.
You block the bolt.
A fire giant breaks down the door.
The yaktaur captain shoots a bolt.
You block the bolt.
A fire giant opens the door.
The deep elf high priest mumbles some strange prayers to its god against you.
Something smites you!
You die...

.....<..<.........
......<<..........
###.......uC############
..........WC.p........D.
##..#......u##.C........
##.#....#ยง#####pc......
#.#....#.# #C###....
..#....#.e####'### ##. #
#....#...C'.@..#
#....#...##......)# #.
##ccc...(# ##..ep..)
:..c... #[..... #.....
#[...


You could see a titan, 2 fire giants, a vault warden, 2 yaktaur captains, a
vault guard, a deep elf death mage (wandering), a deep elf high priest and 3
yaktaurs.

Vanquished Creatures
  A dread lich (Vaults:4)
  Arachne (Spider:4)
  2 tentacled monstrosities
  An electric golem (WizLab)
  Jorgrun (Swamp:3)
  A deep elf blademaster (Elf:3)
  A deep elf master archer (Elf:2)
  Asterion (Elf:3)
  4 sphinxes
  A tengu reaver (Vaults:1)
  Kirke (D:12)
  A thorn hunter (Swamp:3)
  Roxanne (Spider:1)
  A fenstrider witch (Swamp:4)
  3 fire giants
  A frost giant (Vaults:3)
  5 deep elf sorcerers
  17 vault wardens
  A balrug (Gauntlet)
  6 emperor scorpions
  Louise (Spider:3)
  5 deep elf elementalists
  6 ghost moths
  2 broodmothers
  10 very ugly things
  A war gargoyle (Vaults:3)
  15 ironbound preservers
  6 ironbound thunderhulks
  2 stone giants
  2 vampire knights
  3 deep elf demonologists
  4 eleionomae
  7 entropy weavers
  8 deep elf annihilators
  A minotaur (Gauntlet)
  4 dire elephants
  3 bunyips
  Snorg (D:11)
  8 spark wasps
  2 crystal guardians (WizLab)
  4 ettins
  6 deep elf death magi
  2 shambling mangroves
  3 fire dragons (Swamp:4)
  A jiangshi (Vaults:1)
  6 great orbs of eyes
  Fannar (D:11)
  10 yaktaur captains
  3 deep elf high priests
  A salamander tyrant (WizLab)
  5 peacekeepers (WizLab)
  19 hydras
  Harold (D:7)
  4 ghost crabs
  3 jorogumos
  5 boulder beetles
  37 vault guards
  A catoblepas (Lair:6)
  4 ogre magi
  13 two-headed ogres
  6 ironbound frosthearts
  20 death yaks
  15 centaur warriors
  A deep troll shaman (Lair:5)
  16 alligators
  A death knight (D:11)
  An orc high priest (Elf:1)
  23 dancing weapons
  A vampire mage (D:15)
  20 deep elf knights
  3 goliath frogs
  A sixfirhy (Gauntlet)
  6 skeletal warriors
  3 sun moths
  5 pharaoh ants
  7 orb spiders
  A glowing orange brain (shapeshifter) (Elf:2)
  3 large abominations (Elf:1)
  A death drake (shapeshifter) (D:14)
  3 deep elf archers
  36 deep trolls
  10 steelbarb worms
  13 wizards
  3 spriggan druids
  3 bog bodies
  14 ironbound convokers
  35 deep elf pyromancers
  A tengu zombie (D:15)
  21 deep elf zephyrmancers
  9 lindwurms
  3 orc knights
  Pikel (D:7)
  3 phantasmal warriors
  6 swamp dragons
  7 harpies
  5 necromancers
  18 wolf spiders
  43 ugly things
  4 orc sorcerers
  A fire giant zombie (D:15)
  A faun (shapeshifter) (Elf:2)
  A tengu skeleton (Vaults:3)
  2 salamanders (shapeshifter)
  A salamander (WizLab)
  7 moths of wrath
  9 elephants
  5 cyclopes
  3 will-o-the-wisps
  13 human skeletons
  4 manticores
  7 black mambas
  A frost giant skeleton (D:15)
  2 stone giant skeletons
  Maurice (D:8)
  10 cane toads
  4 molten gargoyles
  A torpor snail (Spider:3)
  21 vault sentinels
  An eye of devastation (shapeshifter) (Elf:2)
  7 gargoyles (WizLab)
  Psyche (D:8)
  Maggie (D:7)
  3 rime drakes
  An elf skeleton (Vaults:3)
  An unseen horror (D:13)
  40 yaktaurs
  An efreet (D:14)
  5 demonic crawlers
  3 freezing wraiths
  7 komodo dragons
  A yaktaur (shapeshifter) (Swamp:2)
  2 tengu conjurers (D:14)
  12 trolls
  9 hornets
  12 meliai
  A queen bee (Lair:3)
  14 tarantellas
  11 tyrant leeches
  A merfolk (Spider:3)
  A tyrant leech (shapeshifter) (Vaults:4)
  A bloated husk (Swamp:4)
  3 polar bears
  50 slime creatures
  5 dream sheep (Lair:6)
  16 blink frogs
  2 spriggans (shapeshifter)
  4 air elementals
  22 jumping spiders
  21 culicivoras
  12 spriggans
  2 water elementals (Elf:2)
  Eustachio (D:5)
  6 wyverns
  2 fire elementals
  40 yaks
  3 wraiths
  5 basilisks
  A hog (D:12)
  5 steam dragons
  51 redbacks
  8 vampire mosquitoes
  12 swamp worms
  Menkaure (D:7)
  2 wargs
  An acid dragon (D:8)
  12 water moccasins
  A floating eye (shapeshifter) (Spider:4)
  2 hell hounds (Gauntlet)
  An ice beast (D:8)
  10 swamp drakes
  A black bear (D:5)
  4 sky beasts
  10 orc warriors
  A hornet zombie (D:8)
  21 ogres
  14 wolves
  2 necrophages
  16 centaurs
  A phantom (D:7)
  Blork the orc (D:4)
  2 kobold brigands
  2 elf zombies (Elf:1)
  2 earth elementals
  12 bullfrogs
  24 killer bees
  8 wights
  7 howler monkeys
  2 electric eels (D:7)
  2 bullfrog zombies
  2 hounds (D:5)
  A jelly (D:7)
  4 centaur zombies
  12 orc priests
  2 bullfrog skeletons
  3 iguanas
  Ijyb (D:4)
  17 orc wizards
  2 lightning spires (WizLab)
  2 hell rats (D:11)
  4 howler monkey zombies
  3 gnolls (D:3)
  A howler monkey skeleton (D:6)
  8 adders
  2 river rats
  3 white imps
  5 ufetubi
  2 adder skeletons (D:4)
  7 worms
  3 dart slugs
  52 orcs
  15 ball pythons
  5 endoplasms
  12 giant cockroaches
  11 goblins
  7 hobgoblins
  6 jackals
  9 kobolds
  11 quokkas
  A bat (D:4)
  9 frilled lizards
  A kobold (shapeshifter) (Elf:3)
  6 rats
1535 creatures vanquished.

Vanquished Creatures (collateral kills)
  A vault warden (Vaults:1)
  2 ironbound thunderhulks (WizLab)
  A war gargoyle (WizLab)
  A vault guard (Vaults:1)
  A catoblepas (Lair:4)
  3 wolf spiders (Spider:3)
  3 elephants (Lair:6)
  A troll (D:12)
  A jumping spider (Spider:3)
  A hog (D:12)
  2 redbacks
  5 wolves (Lair:6)
  An orc priest (D:12)
  An orc wizard (D:12)
  An orc (D:12)
25 creatures vanquished.

Vanquished Creatures (others)
  2 deep elf knights
  A swamp dragon (Swamp:4)
  A wizard (Vaults:4)
  A lindwurm (Swamp:4)
  3 deep elf zephyrmancers
  2 deep elf pyromancers
  A will-o-the-wisp (Swamp:3)
  A molten gargoyle (WizLab)
  A hornet (Swamp:2)
  6 bloated husks
  A spriggan (Swamp:4)
  2 vampire mosquitoes (Swamp:3)
  3 swamp drakes (Swamp:4)
  An ogre (Vaults:4)
  A howler monkey (D:12)
  16 foxfires
  67 fungi
  38 plants
  37 withered plants
185 creatures vanquished.

Grand Total: 1745 creatures vanquished

Notes
Turn   | Place    | Note
-------+----------+-------------------------------------------
     0 | D:1      | quokkamancerX the Merfolk Berserker began the quest for the
                  | Orb.
     0 | D:1      | Reached XP level 1. HP: 18/18 MP: 1/1
   394 | D:1      | Found a faded altar of an unknown god.
   455 | D:1      | Reached skill level 5 in Polearms
   455 | D:1      | Reached XP level 2. HP: 24/24 MP: 2/2
   718 | D:1      | Reached XP level 3. HP: 25/29 MP: 3/3
   773 | D:1      | Reached ** piety under Trog
  1077 | D:2      | Reached skill level 1 in Stealth
  1313 | D:2      | Reached XP level 4. HP: 35/35 MP: 4/4
  2375 | D:3      | Reached *** piety under Trog
  2376 | D:3      | Reached XP level 5. HP: 26/41 MP: 5/5
  3476 | D:4      | Noticed a necrophage
  3485 | D:4      | Killed a necrophage
  3486 | D:4      | Reached XP level 6. HP: 47/47 MP: 6/6
  3573 | D:4      | Noticed Blork the orc
  3580 | D:4      | Killed Blork the orc
  3670 | D:4      | Found a glowing drain.
  3758 | Sewer    | Entered a sewer
  4026 | Sewer    | Reached skill level 10 in Polearms
  4026 | Sewer    | Reached XP level 7. HP: 29/52 MP: 7/7
  4372 | D:4      | Reached **** piety under Trog
  4415 | D:4      | Noticed Ijyb
  4445 | D:4      | Killed Ijyb
  4881 | D:5      | Entered Level 5 of the Dungeon
  5357 | D:5      | Noticed Eustachio
  5370 | D:5      | Killed Eustachio
  5371 | D:5      | Reached XP level 8. HP: 58/58 MP: 8/8
  5412 | D:5      | Found a glowing golden altar of the Shining One.
  5468 | D:5      | Found a radiant altar of Vehumet.
  5791 | D:5      | Found a shadowy altar of Dithmenos.
  5797 | D:5      | Found a bloodstained altar of Trog.
  5800 | D:5      | Found a burning altar of Makhleb.
  6023 | D:6      | Reached skill level 5 in Throwing
  6443 | D:6      | Found a staircase to the Ecumenical Temple.
  6630 | D:6      | Reached skill level 5 in Dodging
  6630 | D:6      | Reached XP level 9. HP: 56/64 MP: 9/9
  7150 | D:7      | Noticed Harold
  7156 | D:7      | Noticed Pikel
  7604 | D:7      | Noticed Maggie
  7622 | D:7      | Killed Maggie
  7994 | D:7      | Killed Pikel
  8205 | D:7      | Killed Harold
  8206 | D:7      | Reached skill level 10 in Dodging
  8206 | D:7      | Reached XP level 10. HP: 45/70 MP: 10/10
  8239 | D:7      | Noticed Menkaure
  8412 | D:7      | Killed Menkaure
  8931 | D:7      | Found an opulent altar of Gozag.
  9108 | D:8      | Noticed Psyche
  9115 | D:8      | Killed Psyche
  9415 | D:8      | Noticed Maurice
  9420 | D:8      | Killed Maurice
  9605 | D:8      | Paralysed by a hornet for 3 turns
  9615 | D:8      | Reached skill level 5 in Fighting
 10180 | D:8      | Reached XP level 11. HP: 47/86 MP: 11/11
 11293 | D:9      | Identified the ring "Mueqeyni" {rElec rC+ Will+ Int+5
                  | Slay-2}
 11468 | D:9      | Noticed a two-headed ogre
 11484 | D:9      | Killed a two-headed ogre
 11485 | D:9      | Reached skill level 10 in Fighting
 11808 | D:9      | Reached skill level 1 in Shields
 11856 | D:9      | Noticed a deep elf pyromancer
 12302 | D:9      | Killed a deep elf pyromancer
 12805 | D:10     | Entered Level 10 of the Dungeon
 12806 | D:10     | Noticed a two-headed ogre
 12823 | D:10     | Killed a two-headed ogre
 12824 | D:10     | Reached skill level 5 in Shields
 13295 | D:10     | Identified the +2 leather armour "Qawkurus" {Str+2}
 13714 | D:10     | Noticed a two-headed ogre
 13728 | D:10     | Killed a two-headed ogre
 14029 | D:11     | Reached XP level 12. HP: 82/97 MP: 10/12
 14347 | D:11     | Found a staircase to the Orcish Mines.
 15034 | D:11     | Reached skill level 10 in Shields
 15106 | D:11     | Noticed a death yak
 15106 | D:11     | Noticed a death yak
 15106 | D:11     | Noticed a boulder beetle
 15142 | D:10     | Killed a death yak
 15236 | D:11     | Noticed a death knight
 15268 | D:11     | Killed a death knight
 15476 | D:11     | Found a staircase to the Lair.
 15477 | D:11     | Noticed a death yak
 15506 | D:11     | Killed a death yak
 15620 | D:11     | Noticed a centaur warrior
 15833 | D:11     | Killed a death yak
 16228 | D:11     | Killed a boulder beetle
 16642 | D:11     | Killed a centaur warrior
 17031 | D:12     | Noticed a two-headed ogre
 17056 | D:12     | Killed a two-headed ogre
 17217 | D:12     | Reached XP level 13. HP: 103/103 MP: 13/13
 17888 | D:12     | Noticed Kirke
 17902 | D:12     | Killed Kirke
 18589 | Lair:1   | Entered Level 1 of the Lair of Beasts
 18920 | Lair:1   | Reached skill level 10 in Throwing
 22687 | Lair:3   | Found a hole to the Spider Nest.
 23788 | Lair:3   | Reached XP level 14. HP: 109/110 MP: 12/14
 23861 | Lair:3   | Reached skill level 5 in Armour
 24462 | Lair:4   | Found a staircase to the Swamp.
 26335 | Lair:5   | Found a staircase to the Slime Pits.
 26359 | Lair:5   | You fall into a shaft and drop 1 floor!
 26359 | Lair:6   | Entered Level 6 of the Lair of Beasts
 28916 | Lair:6   | Reached skill level 10 in Armour
 28916 | Lair:6   | Reached XP level 15. HP: 23/115 MP: 2/15
 30776 | Orc:1    | Entered Level 1 of the Orcish Mines
 30776 | Orc:1    | Noticed Snorg
 30780 | Orc:1    | Gained mutation: You tend to lose your temper in combat. [a
                  | neqoxec]
 30781 | Orc:1    | Paralysed by an orc sorcerer for 3 turns
 30806 | D:11     | Killed Snorg
 31334 | Orc:1    | Noticed Fannar
 31437 | D:11     | Killed Fannar
 31691 | Orc:2    | Entered Level 2 of the Orcish Mines
 31695 | Orc:2    | Found a staircase to the Elven Halls.
 31720 | Orc:2    | Found Egrow's Assorted Antiques.
 31722 | Orc:2    | Found a gate leading to a gauntlet.
 31731 | Gauntlet | Entered a Gauntlet
 31731 | Gauntlet | Found a runed translucent door.
 31731 | Gauntlet | Found a transporter.
 31731 | Gauntlet | Found a runed translucent door.
 31731 | Gauntlet | Found a transporter.
 31731 | Gauntlet | Found a transporter.
 31732 | Gauntlet | Found a transporter.
 31742 | Gauntlet | Found a transporter.
 31745 | Gauntlet | Found a transporter.
 31754 | Gauntlet | Found a transporter.
 31756 | Gauntlet | Found a transporter.
 31761 | Gauntlet | Noticed a balrug
 31765 | Gauntlet | Found a transporter.
 31783 | Gauntlet | Found a transporter.
 31800 | Gauntlet | Found a transporter.
 31803 | Gauntlet | Found a transporter.
 32138 | Gauntlet | Killed a balrug
 32540 | Gauntlet | Identified the +3 kite shield of the Barber Surgeon {Drain
                  | rElec rC- Regen+}
 32928 | Gauntlet | Identified the +2 hat of the Saviour {*Slow rF+ rN+ Dex+2}
 33000 | Orc:2    | Bought a scroll of teleportation for 63 gold pieces
 33000 | Orc:2    | Bought a scroll of teleportation for 63 gold pieces
 33000 | Orc:2    | Bought 2 scrolls of teleportation for 126 gold pieces
 33000 | Orc:2    | Bought a scroll labelled XANNAS ERICA for 21 gold pieces
 33006 | Orc:2    | Found a bloodstained altar of Trog.
 33557 | Orc:2    | Found Nukuno's Jewellery Emporium.
 34890 | Orc:2    | Found Feanoogg's Assorted Antiques.
 34892 | Orc:2    | Found Vicil's Armour Shop.
 34898 | Orc:2    | Bought a metallic amethyst potion for 24 gold pieces
 34900 | Orc:2    | Found Jeerimer's General Store.
 35238 | Orc:2    | Bought the amulet of Hokkacea {Faith rElec rPois rCorr} for
                  | 1084 gold pieces
 35257 | Orc:2    | Bought the +2 cloak "Etruc" {Str+2} for 411 gold pieces
 35819 | D:13     | Reached ***** piety under Trog
 35871 | D:13     | Found Ejoaro's Jewellery Shoppe.
 36641 | D:12     | Reached XP level 16. HP: 75/122 MP: 16/16
 36870 | D:12     | Lost mutation: You tend to lose your temper in combat.
                  | [potion of mutation]
 36870 | D:12     | Gained mutation: You do not regenerate when monsters are
                  | visible. [potion of mutation]
 36870 | D:12     | Gained mutation: You are weak. (Str -2) [potion of
                  | mutation]
 36870 | D:12     | Gained mutation: You expend magic power (3 MP) to
                  | strengthen your wands. [potion of mutation]
 37278 | D:14     | Reached skill level 15 in Dodging
 37732 | D:14     | Found a shadowy altar of Dithmenos.
 38717 | D:14     | Found a gate to the Vaults.
 38953 | D:15     | Entered Level 15 of the Dungeon
 39626 | D:15     | Found an iron altar of Okawaru.
 40661 | D:15     | Found a bloodstained altar of Trog.
 41197 | D:15     | Found a staircase to the Depths.
 41979 | Swamp:1  | Entered Level 1 of the Swamp
 45557 | Swamp:2  | Reached XP level 17. HP: 76/129 MP: 17/17
 45942 | Swamp:3  | Noticed Jorgrun
 46021 | Swamp:3  | Killed Jorgrun
 46771 | Swamp:3  | Received a gift from Trog
 47276 | Swamp:4  | Entered Level 4 of the Swamp
 51113 | Swamp:4  | Got a decaying rune of Zot
 51505 | Spider:1 | Entered Level 1 of the Spider Nest
 51589 | Spider:1 | Noticed Roxanne
 51649 | Spider:1 | Reached skill level 15 in Fighting
 52573 | Spider:1 | Killed Roxanne
 54164 | Spider:2 | Reached XP level 18. HP: 151/151 MP: 18/18
 54233 | Spider:2 | Reached skill level 5 in Stealth
 56301 | Spider:3 | Identified the +1 falchion "Nuot" {vorpal, *Corrode rF+++
                  | Str-2 Int+6}
 56312 | Spider:3 | Identified the +1 chain mail "Weriax" {Str+8 Dex-4}
 56323 | Spider:3 | Received a gift from Trog
 56949 | Spider:3 | Reached skill level 10 in Stealth
 57020 | Spider:3 | Noticed Louise
 57112 | Spider:3 | Killed Louise
 57630 | Spider:3 | Reached skill level 15 in Polearms
 59270 | Spider:4 | Entered Level 4 of the Spider Nest
 59817 | Spider:4 | Noticed Arachne
 60382 | Spider:4 | Killed Arachne
 60668 | Spider:4 | HP: 3/151 [redback (9)]
 62736 | Spider:4 | Reached XP level 19. HP: 144/157 MP: 1/19
 63358 | Spider:4 | Got a gossamer rune of Zot
 64564 | Vaults:1 | Entered Level 1 of the Vaults
 66194 | Vaults:1 | Received a gift from Trog
 68625 | Vaults:1 | Paralysed by a great orb of eyes for 7 turns
 69878 | Vaults:2 | Found a staircase to the Crypt.
 70718 | Vaults:1 | Reached XP level 20. HP: 142/164 MP: 20/20
 71305 | Vaults:2 | Paralysed by a vampire knight for 6 turns
 72227 | Vaults:2 | Paralysed by a sphinx for 4 turns
 72496 | Vaults:2 | Reached skill level 15 in Armour
 73291 | Vaults:2 | Received a gift from Trog
 73536 | Vaults:2 | Found Lauten's General Store.
 74494 | Vaults:2 | Bought a scroll of teleportation for 48 gold pieces
 74494 | Vaults:2 | Bought a potion of cancellation for 128 gold pieces
 75031 | Vaults:3 | Found a magical portal.
 75036 | WizLab   | Entered Maxwell's Workshop
 75991 | WizLab   | Identified the ring of Arrival {Fire Int+7}
 76070 | WizLab   | Identified the +1 robe of the Yeti {Harm Fly Int-5 SInv}
 76070 | WizLab   | Noticed an electric golem
 76123 | WizLab   | Killed an electric golem
 76409 | WizLab   | Identified the +1 hunting sling "Ocwedent" {speed, rElec
                  | rC- Int+4}
 76566 | WizLab   | Found the +15 Maxwell's patent armour {-Cast -Tele rElec
                  | Will+ rCorr}
 76616 | WizLab   | Identified the ring "Duxzinu" {Ice Will+ Str+3 Int+7 Dex-2}
 77510 | Vaults:3 | Reached skill level 15 in Shields
 78871 | Vaults:3 | Identified the +4 scale mail "Uvvufrif" {Will+ Regen+
                  | Str+3}
 78952 | Vaults:3 | HP: 1/164 [tentacled monstrosity (14)]
 79740 | Vaults:3 | Reached XP level 21. HP: 171/171 MP: 21/21
 80583 | Vaults:3 | Found Geant's Assorted Antiques.
 81448 | Vaults:3 | Identified the +1 buckler "Pifotuud" {rElec}
 82015 | Vaults:4 | Identified the +5 scale mail "Ryshriopp" {+Inv rF+ Slay+2}
 82649 | Vaults:3 | Received a gift from Trog
 85352 | Vaults:4 | Received a gift from Trog
 85944 | Elf:1    | Entered Level 1 of the Elven Halls
 87243 | Elf:1    | Found Uset's Book Boutique.
 87243 | Elf:1    | Found Finyt's Jewellery Emporium.
 87244 | Elf:1    | Found Xealol's Jewellery Emporium.
 88201 | Elf:1    | Received a gift from Trog
 88772 | Elf:2    | Found a portal to a secret trove of treasure.
 88783 | Trove    | Entered a treasure trove
 88847 | Elf:2    | Paralysed by an air elemental for 1 turns
 89439 | Elf:2    | Found a huge runed translucent gate.
 89439 | Elf:2    | Found a huge runed translucent gate.
 89439 | Elf:2    | Found a huge runed translucent gate.
 89445 | Elf:2    | Found a huge runed translucent gate.
 89445 | Elf:2    | Found a huge runed translucent gate.
 89494 | Elf:2    | Reached XP level 22. HP: 178/178 MP: 22/22
 89856 | Elf:2    | Reached * piety under Trog
 90841 | Elf:3    | Entered Level 3 of the Elven Halls
 90926 | Elf:2    | Found an ancient bone altar of Kikubaaqudgha.
 91170 | Elf:3    | Noticed Asterion
 91176 | Elf:3    | Killed Asterion
 92589 | Elf:3    | Paralysed by an air elemental for 1 turns
 93514 | Elf:3    | HP: 6/174 [earth elemental[a deep elf elementalist] (14)]
 95965 | Elf:3    | Identified the +4 hand axe of Ibolaet {drain, Dex+3}
 95966 | Elf:3    | Identified the +9 flail of Rotation {holy, MP+9 Str+2
                  | Dex+2}
 95967 | Elf:3    | Identified the +9 dire flail of Joangas {elec, rC+ Int+4
                  | Dex+3}
 96544 | Elf:3    | Identified the +10 war axe of Abomination {drain, +Blink
                  | rC+ Str-3 Stlth+}
 96856 | Elf:3    | Identified the +9 flail of Abomination {freeze, rF+}
 97252 | Elf:3    | Identified the +0 pair of gloves of Quantum Leap {rElec
                  | Int+4}
 97318 | Elf:3    | Identified the +1 chain mail of Limitation {rElec rC+++
                  | Will- Int-3}
 97848 | Elf:1    | Bought the amulet of Coutecol {RegenMP rF++ Str-2 Dex+7}
                  | for 715 gold pieces
 98137 | Vaults:5 | Entered Level 5 of the Vaults
 99018 | Vaults:5 | Noticed a dread lich
 99193 | Vaults:4 | Killed a dread lich
 99194 | Vaults:4 | Reached XP level 23. HP: 194/194 MP: 23/23
 99276 | Vaults:5 | HP: 7/195 [deep elf high priest/divine providence (15)]
 99277 | Vaults:5 | Killed from afar by a deep elf high priest

Illustrated notes

Levels and vault maps discovered:
D:1:      dpeg_arrival_short_road, layout_basic, ebering_ecumenical_altar_mist,
          st_stairs_11, nicolae_wormholes
D:2:      layout_basic, grunt_decor_mini_mirrors, serial_park_tiny_1, hex_large
D:3:      layout_basic
D:4:      kennysheep_the_goblin_king, layout_basic,
          cheibrodos_sewer_entry_sluice, uniq_blork_the_orc
D:5:      layout_loops_ring, minmay_overflow_temple_star_quad,
          mainiacjoe_overflow_catwalk_spiral, kennysheep_cross_bottleneck,
          uniq_eustachio
D:6:      layout_loops_cross, temple_pool_b
D:7:      layout_loops_cross, nicolae_gozag_cash_rules_everything_around_me,
          amcnicky_mini_pool_medium, uniq_pikel, uniq_maggie, uniq_harold,
          uniq_menkaure
D:8:      kb_forest_paths, layout_loops_cross, minmay_misc_feat_diagonals,
          uniq_maurice, uniq_psyche
D:9:      minmay_slanted_spiral_squares, layout_long_grid, minmay_misc_feat_iff
D:10:     layout_small_grid
D:11:     layout_basic, dpeg_lair_monsters, david_orc_4, roderic_roman_lattice,
          grunt_ogre_cave, grunt_ministairs_2
D:12:     layout_cave_pods, serial_park_tiny_1, uniq_kirke
D:13:     layout_cave_pods, serial_shops, shop
D:14:     layout_long_grid, grunt_vaults_entry_fortified,
          nicolae_dithmenos_shadow_blocks
D:15:     gammafunk_depths_entry_grave, layout_rooms, bloody_trog,
          okawaru_ov_weapons_minmay
Lair:1:   layout_cave_pods
Lair:2:   nzn_winding_woodlands_cross [nzn_winding_woodlands_5x15_zeroes,
          nzn_winding_woodlands_5x15_longhouse,
          nzn_winding_woodlands_5x15_lazy_stream,
          nzn_winding_woodlands_5x15_cabin,
          nzn_winding_woodlands_15x15_boxy_spiral], layout_cave_pods
Lair:3:   layout_roguey, dummy_spider_entry, special_room [special_room_bee],
          lemuel_fruit_tree
Lair:4:   layout_big_grid, swamp_mist, serial_bayou_shore_b, grunt_megastairs_1,
          infiniplex_staircase_pool_2
Lair:5:   layout_long_grid, slime_dummy, nicolae_lair_lil_pond
Lair:6:   grunt_lair_end_beastmaster, layout_cellular_growth
Swamp:1:  layout_basic_swamp, evilmike_swamp_ruin_rubble_2
Swamp:2:  layout_falls_marsh, evilmike_swamp_ruin_house_2
Swamp:3:  layout_basic_swamp, nicolae_swamp_bean_lake,
          infiniplex_staircase_pool, uniq_jorgrun
Swamp:4:  swamp_fiery, layout_basic_swamp, swamp_pool4
Spider:1: layout_spider_delve, uniq_roxanne
Spider:2: layout_spider_delve
Spider:3: layout_spider_delve, nicolae_spider_paper_wasps, uniq_louise
Spider:4: grunt_spider_rune_circles, uniq_arachne
Orc:1:    layout_caves, uniq_fannar, uniq_snorg
Orc:2:    st_orc_open, layout_diamond_mine, gauntlet_entry_generic, basic_altar,
          serial_shops, nicolae_diamond_shop
Elf:1:    layout_gridlike, minmay_elf_necromancy, minmay_shop_grove
Elf:2:    elven_hall_of_blades_hangedman_alternative [mumra_blade_entry_dagger],
          layout_gridlike, nicolae_trove_entry_columns, lemuel_upstairs_altar
Elf:3:    minmay_elf_hall_dome, layout_geoelf_diagonals, st_stairs_2,
          minmay_misc_feat_columns, minmay_elf_sorcery, uniq_asterion
Vaults:1: hangedman_vaults_capsules, ontoclasm_vaults_loading_screen,
          hangedman_vaults_stream, vaults_dpeg_ring,
          nicolae_vaults_little_squares_5, nicolae_vaults_yaktaur_gun_rack,
          vaults_mumra_chevron_long, vaults_mumra_chevron,
          nicolae_vaults_little_squares_4, hangedman_vaults_cutoff,
          nicolae_vaults_mini_display_case, v_misc_27,
          ontoclasm_vaults_ring_square, vaults_room_grid, layout_vaults_maze
Vaults:2: v_alt_pattern_3, ontoclasm_vaults_shuriken,
          minmay_crypt_entry_simple_sparse, v_pattern_2, v_misc_26,
          vaults_mumra_hex, st_lattice, nicolae_vaults_theta, v_alt_pattern_1,
          vaults_mumra_lcd, ontoclasm_vaults_ligature,
          nicolae_vaults_little_squares_5, ontoclasm_vaults_chip,
          vaults_room_stairs_pillars, layout_vaults_chaotic_city, serial_shops,
          nicolae_shop_competitors_out_of_business, serial_glass
Vaults:3: mu_enter_wizlab_1, nicolae_vaults_c_with_doors,
          grunt_vaults_hallway_short, vaults_mumra_hexcomb, vaults_room_octagon,
          vaults_dpeg_diagonal, layout_vaults_omnigrid, serial_shops, shop
Vaults:4: nicolae_vaults_stairing_the_circle, hangedman_vaults_stitches,
          v_misc_23, hangedman_vaults_maws, nicolae_vaults_little_squares_1,
          v_misc_24, nicolae_vaults_windows_and_doors_thing, v_misc_17,
          dpeg_vaults_monster_row, vaults_room_pool, v_rooms_3,
          ontoclasm_vaults_decontamination, ontoclasm_vaults_idyll,
          layout_vaults_big_cross
Vaults:5: serial_shops

Skill      XL: |  1  2  3  4  5  6  7  8  9 10 11 12 13 14 15 16 17 18 19 20 21 22 |
---------------+-------------------------------------------------------------------+-----
Polearms       | 5 6 7 8 10 12 13 14 18 20 | 20.0
Stealth        | 1 3 4 10 | 10.0
Throwing       | 2 6 8 12 | 12.0
Dodging        | 5 10 12 14 20 | 20.8
Fighting       | 8 10 16 19 | 19.6
Shields        | 8 12 15 19 20 | 20.0
Armour         | 4 10 12 14 15 | 15.0

Action                   |  1- 3 |  4- 6 |  7- 9 | 10-12 | 13-15 | 16-18 | 19-21 | 22-24 || total
-------------------------+-------+-------+-------+-------+-------+-------+-------+-------++-------
Melee: Spear             |   146 |   283 |   367 |       |       |       |       |       ||   796
       Punch             |     1 |     1 |     5 |       |       |       |       |       ||     7
       Tailslap          |       |     4 |     3 |       |       |    51 |       |       ||    58
       Glaive            |       |       |    46 |   278 |       |       |       |       ||   324
       Trident           |       |       |       |   710 |  1974 |  2359 |  2698 |  1006 ||  8747
Throw: Dart              |       |       |     1 |    43 |    20 |   174 |    97 |    10 ||   345
       Throwing net      |       |       |       |     1 |     1 |       |       |       ||     2
       Boomerang         |       |       |       |       |   219 |       |       |       ||   219
Invok: Berserk           |       |     4 |    12 |    18 |    26 |    44 |    34 |     7 ||   145
       Brothers in Arms  |       |       |       |       |     7 |     6 |     5 |       ||    18
       Trog's Hand       |       |       |       |       |     2 |    10 |     8 |     3 ||    23
Evoke: Wand              |       |       |       |       |       |    75 |     1 |     4 ||    80
  Use: Scroll            |       |     3 |    10 |     6 |    12 |    12 |     9 |     9 ||    61
       Potion            |       |       |       |     2 |     7 |    16 |     8 |     3 ||    36
 Stab: Sleeping          |       |     2 |       |       |       |     2 |     5 |       ||     9
       Petrified         |       |       |       |       |     5 |       |       |       ||     5
       Paralysed         |       |       |       |       |       |    10 |     2 |       ||    12
       Confused          |       |       |       |       |       |    24 |       |       ||    24
       Distracted        |       |       |       |       |       |     2 |     3 |       ||     5
Armor: Scale mail        |    35 |    66 |     3 |    12 |   609 |   272 |       |       ||   997
       Animal skin       |     1 |       |       |       |       |       |       |       ||     1
       Chain mail        |       |       |   161 |   418 |       |       |       |       ||   579
       Fire dragon scale |       |       |       |       |       |   525 |   598 |       ||  1123
       Plate armour      |       |       |       |       |       |       |   310 |   297 ||   607
Dodge: Dodged            |    45 |    80 |    77 |   324 |   778 |  1497 |  1240 |   277 ||  4318
Block: Kite shield       |       |       |       |   317 |  1084 |  1535 |  1585 |   371 ||  4892
       Tower shield      |       |       |       |       |       |       |       |   420 ||   420
